 Dungeon Crawl Stone Soup version 0.32-a0-779-g362cfcae2a (webtiles) character file.

Game seed: 11549372430322243729

8752 kae the Fighter (level 11, -1/101 HPs)
             Began as a Coglin Gladiator on Mar 19, 2024.
             Was a Follower of Nemelex Xobeh.
             Slain by a boulder beetle (6 damage)
             ... on level 11 of the Dungeon.
             The game lasted 00:08:49 (11862 turns).

kae the Fighter (Coglin Gladiator)                 Turns: 11862, Time: 00:08:50

Health: -1/101     AC: 10    Str: 12    XL:     11   Next: 35%
Magic:  0/11       EV: 11    Int: 10    God:    Nemelex Xobeh [*.....]
Gold:   212        SH:  0    Dex: 20    Spells: 10/10 levels left

rFire   + . .        a - +1 long sword (flame) {Izel}
rCold   . . .        f - +0 dagger {Wu}
rNeg    . . .        b - +0 leather armour
rPois   .            c - +0 helmet
rElec   .            (no cloak)
rCorr   .            j - +3 Mad Mage's Maulers {Infuse+∞ VampMP -Cast}
SInv    +            D - +1 pair of boots "Siedd" {rF+ Str-2 Int+2 SInv}
Will    .....        (amulet unavailable)
Stlth   +            (ring unavailable)
HPRegen 0.36/turn    (ring unavailable)
MPRegen 0.12/turn    (no gizmo)

%: no spellcasting
@: revved
A: off-hand wielding, slow wielding, warmup strikes, no jewellery
a: Invent Gizmo, Renounce Religion, Draw Escape, Draw Destruction, Draw
Summoning


You were on level 11 of the Dungeon.
You worshipped Nemelex Xobeh.
Nemelex Xobeh was aware of your devotion.
You visited 2 branches of the dungeon, and saw 12 of its levels.

You collected 506 gold pieces.
You spent 294 gold pieces at shops.


Innate Abilities, Weirdness & Mutations

You can wield a second weapon in your off-hand.
It takes a long time for you to wield or remove held weapons.
Your first few attacks do less damage.
You cannot equip rings or amulets.


   Skills:
 + Level 14.4 Fighting
 + Level 13.8 Long Blades
 - Level 1.7 Throwing
 - Level 2.6 Dodging


You had 10 spell levels left.
You didn't know any spells.
Your spell library contained the following spells:

 Spells                   Type           Power      Damage    Failure   Level
 Apportation              Tloc           0%         N/A       43%         1
 Kiss of Death            Conj/Necr      0%         2d5       43%         1
 Necrotise                Necr           0%         1d4       43%         1
 Sting                    Conj/Alch      0%         1d3       43%         1
 Summon Small Mammal      Summ           0%         N/A       43%         1
 Mercury Vapours          Alch/Air       0%         N/A       58%         2
 Confusing Touch          Hex            0%         N/A       82%         3
 Tukima's Dance           Hex            0%         N/A       82%         3
 Dimensional Bullseye     Hex/Tloc       0%         N/A       99%         4
 Dispel Undead            Necr           0%         3d6       99%         4
 Iskenderun's Mystic Bla  Conj/Tloc      0%         2d3       99%         4
 Leda's Liquefaction      Alch/Erth      0%         N/A       99%         4
 Olgreb's Toxic Radiance  Alch           0%         N/A       99%         4
 Passage of Golubria      Tloc           0%         N/A       99%         4
 Petrify                  Alch/Erth      0%         N/A       99%         4
 Metabolic Englaciation   Hex/Ice        0%         N/A       100%        5
 Yara's Violent Unravell  Hex/Alch       0%         3d3       100%        5

Inventory:

Hand Weapons
 a - a +1 long sword of flaming (weapon) {Izel}
 f - a +0 dagger (offhand) {Wu}
Missiles
 d - 3 throwing nets (quivered) {=f!f}
 e - a javelin
 i - 79 stones
 r - 49 poisoned darts
 x - 13 boomerangs
 I - a curare-tipped dart {=f}
 J - 6 darts of dispersal {=f!f}
Armour
 b - a +0 leather armour (worn)
 c - a +0 helmet (worn)
 j - the +3 Mad Mage's Maulers (worn) {Infuse+∞ VampMP -Cast}
   (You acquired it on level 3 of the Dungeon)

   Infuse+∞: It empowers its wearer's blows with all of their magic.
   VampMP:    Blows struck in melee replenish the wearer's magic.
   -Cast:     It prevents spellcasting.
 D - the +1 pair of boots "Siedd" (worn) {rF+ Str-2 Int+2 SInv}
   (You acquired it on level 7 of the Dungeon)

   Str-2:     It affects your strength (-2).
   Int+2:     It affects your intelligence (+2).
   rF+:       It protects you from fire.
   SInv:      It lets you see invisible.
Magical Staves
 C - a staff of fire {!a}
   (You found it on level 6 of the Dungeon)
Jewellery
 g - an amulet of regeneration
   (You found it on level 1 of the Dungeon)
 l - an amulet of reflection
   (You found it on level 1 of the Dungeon)
 q - a ring of willpower
   (You found it on level 3 of the Dungeon)
 v - a ring of see invisible
   (You found it on level 3 of the Dungeon)
 G - an amulet of guardian spirit
   (You found it on level 9 of the Dungeon)
 L - a ring of flight
   (You found it on level 2 of the Dungeon)
 W - a ring of magical power
   (You took it off a kobold on level 8 of the Dungeon)
Wands
 m - a wand of flame (36)
   (You found it on level 6 of the Dungeon)
 w - a wand of light (4)
   (You found it on level 3 of the Dungeon)
 E - a wand of roots (5)
   (You found it on level 7 of the Dungeon)
Scrolls
 n - 2 scrolls of fog
 y - a scroll of teleportation {@r4}
 H - a scroll of identify {@r1}
 M - a scroll of vulnerability {unknown}
Potions
 h - a potion of magic
 k - 6 potions of lignification {!q}
 o - 4 potions of might
 p - a potion of haste {@q3}
 s - 4 potions of curing {@q1}
 t - 2 potions of cancellation
 u - 2 potions of ambrosia {unknown}
 z - a potion of attraction {unknown}
 A - a potion of invisibility
 B - 3 potions of berserk rage {!q}
 F - 2 potions of heal wounds {@q2}
 K - a potion of mutation {!q}

Dungeon Overview and Level Annotations

Branches:
Dungeon (11/15) Zot: 26268  Temple (1/1) D:5 Zot: 5998    Lair (0/5) D:8
    Orc (0/2) D:9

Altars:
Ashenzari
Cheibriados
Dithmenos
Elyvilon
Fedhas
Gozag
Hepliaklqana
Kikubaaqudgha
Makhleb
Nemelex Xobeh
Okawaru
Qazlal
Ru
Sif Muna
Trog
Uskayaw
Vehumet
Wu Jian
Xom
Yredelemnul
Zin
The Shining One

Shops:
D:1 ?   D:10 !

Annotations:
D:8 exclusion: door

#..#
#..###............
#..#
#.................
#..#
#.................
#..# #..
...###....>.. #..#
#.# .. #.......
#..###.# #.......
#......# #..####.
#...##B# #.. #.
#.......##@# #. #.
#.......##.# #.
#.......##.# #.
.........##.# # #.
.........##.# .. #.
##.......##.####...
..# #.
#.......##......#
#.# #.
#.......##......#
#.# #.
#.......##..##..#
#.# #.


You could see a boulder beetle.


Message History

You slash the two-headed ogre with your +1 long sword of flaming!
You burn the two-headed ogre.
The two-headed ogre hits you with a +0 giant spiked club!
* * * LOW HITPOINT WARNING * * *
The two-headed ogre hits you with a +0 giant spiked club!
* * * LOW HITPOINT WARNING * * *
😨 HP[-26]
You take 26 damage, and now have 33/101 hp.
MASSIVE DAMAGE!! (PAUSE)
You hit the two-headed ogre with your +0 dagger.
You barely miss the two-headed ogre with your +1 long sword of flaming. 😨 HP[+1]
You barely miss the two-headed ogre with your +0 dagger.
You completely miss the two-headed ogre with your +1 long sword of flaming.
The two-headed ogre hits you with a +0 giant spiked club!
* * * LOW HITPOINT WARNING * * *
The two-headed ogre misses you. 😱 HP[-16]
You take 16 damage, and now have 18/101 hp.
Unknown command.
You slash the two-headed ogre with your +1 long sword of flaming!
You burn the two-headed ogre.
You kill the two-headed ogre! 😱 MP[-1]
You lost 1 mp, and now have 0/11 mp.
You start resting. 😨 HP[+25] MP[+9]
You regained 25 hp, and now have 43/101 hp.
You regained 9 mp, and now have 9/11 mp.
You start resting. 😨 HP[+6] MP[+2]
You regained 6 hp, and now have 49/101 hp.
Your mp is fully restored (11).
You start resting.
A boulder beetle is nearby! 😮 HP[+11]
You regained 11 hp, and now have 60/101 hp.
You hit the boulder beetle but do no damage. x2 😮 MP[-11]
You lost 11 mp, and now have 0/11 mp.
You hit the boulder beetle but do no damage. x2
The boulder beetle misses you. 😮 HP[+1] Unknown command.
You hit the boulder beetle with your +1 long sword of flaming.
You burn the boulder beetle.
You hit the boulder beetle but do no damage.
The boulder beetle bites you! 😮 HP[-9]
You take 9 damage, and now have 52/101 hp.
You hit the boulder beetle but do no damage. x2
You hit the boulder beetle with your +1 long sword of flaming.
You burn the boulder beetle.
You hit the boulder beetle but do no damage.
The boulder beetle bites you!
* * * LOW HITPOINT WARNING * * *
😨 HP[-8]
You take 8 damage, and now have 44/101 hp.
Unknown command.
You slash the boulder beetle with your +1 long sword of flaming!
You burn the boulder beetle!
You hit the boulder beetle but do no damage.
The boulder beetle closely misses you. 😨 HP[+1]
You hit the boulder beetle with your +0 dagger.
You hit the boulder beetle but do no damage.
You hit the boulder beetle but do no damage.
You hit the boulder beetle with your +0 dagger.
The boulder beetle bites you!
* * * LOW HITPOINT WARNING * * *
😨 HP[-16]
You take 16 damage, and now have 29/101 hp.
You hit the boulder beetle but do no damage. x2
The boulder beetle closely misses you.
Unknown command.
You hit the boulder beetle but do no damage.
You slash the boulder beetle with your +1 long sword of flaming!
You burn the boulder beetle. 😨 HP[+1] MP[+1]
You hit the boulder beetle but do no damage. x2
The boulder beetle bites you!
* * * LOW HITPOINT WARNING * * *
😱 HP[-8] MP[-1]
You take 8 damage, and now have 22/101 hp.
You lost 1 mp, and now have 0/11 mp.
You slash the boulder beetle with your +1 long sword of flaming!
You burn the boulder beetle.
You hit the boulder beetle but do no damage.
The boulder beetle bites you!!
* * * LOW HITPOINT WARNING * * *
😱 HP[-18]
You take 18 damage, and now have 4/101 hp.
You hit the boulder beetle but do no damage. x2 😱 MP[+1]
You hit the boulder beetle with your +1 long sword of flaming.
You burn the boulder beetle.
You hit the boulder beetle but do no damage.
The boulder beetle bites you.
You die...
Your body disappears without a glow.

Skill      XL: |  1  2  3  4  5  6  7  8  9 10 11 |
---------------+----------------------------------+-----
Long Blades    | 4 5 6 8 9 10 11 13 | 13.8
Fighting       | 3 7 11 13 14 | 14.4
Throwing       | |  1.7
Dodging        | |  2.6

Action                     |  1- 3 |  4- 6 |  7- 9 | 10-12 || total
---------------------------+-------+-------+-------+-------++-------
  Melee: Long sword        |    85 |    55 |   162 |   183 ||   485
         Dagger            |    70 |    50 |   151 |   171 ||   442
  Evoke: Wand              |       |       |     1 |       ||     1
    Use: Scroll            |     5 |       |    11 |     3 ||    19
         Potion            |       |       |     2 |       ||     2
   Stab: Sleeping          |     4 |     2 |     2 |     1 ||     9
         Distracted        |       |       |     1 |       ||     1
 Armour: Leather armour    |    36 |    25 |   104 |   131 ||   296
         Skin              |       |       |    34 |       ||    34
  Dodge: Dodged            |    56 |    29 |    92 |   111 ||   288

Levels and vault maps discovered:
D:1:      matt_arrival_spirals, layout_basic, serial_shops,
          nicolae_shop_tiny_statue_garden, nicolae_the_louvre
D:2:      layout_loops_ring
D:3:      layout_loops_ring
D:4:      layout_loops_ring, uniq_pikel
D:5:      layout_cave_pods, minmay_temple_entry_butterflies
D:6:      layout_basic, kennysheep_small_circle
D:7:      layout_cave_pools, mainiacjoe_overflow_brackets
D:8:      layout_layer_cave, david_lair_shrubbed, hangedman_ranch
D:9:      layout_loops_ring, nicolae_tso_swordbearing_angel,
          grunt_temple_overflow_open, orc_0_dummy
D:10:     layout_basic, serial_shops, shop
D:11:     layout_long_grid, uniq_grum, uniq_nergalle
Temple:   minmay_temple_bridge_d

Notes
Turn   | Place    | Note
-------+----------+-------------------------------------------
     0 | D:1      | kae the Coglin Gladiator began the quest for the Orb.
     0 | D:1      | Reached XP level 1. HP: 16/16 MP: 1/1
     0 | D:1      | magus.rc [v1.11.3]
    23 | D:1      | You pick up a book of Cantrips and begin reading...
    23 | D:1      | You add the spells Sting, Necrotise, Summon Small Mammal
                  | and Apportation to your library.
   210 | D:1      | Found Moezull's Magic Scroll Shop.
   345 | D:1      | Reached XP level 2. HP: 13/22 MP: 2/2
   559 | D:1      | Reached skill level 4 in Long Blades
   798 | D:1      | Reached XP level 3. HP: 27/27 MP: 3/3
  1662 | D:3      | Identified 2 scrolls of acquirement
  1662 | D:3      | Acquired the +3 Mad Mage's Maulers {Infuse+∞ VampMP -Cast}
  1662 | D:3      | Found the +3 Mad Mage's Maulers {Infuse+∞ VampMP -Cast}
  2010 | D:3      | Reached skill level 5 in Long Blades
  2010 | D:3      | Reached XP level 4. HP: 28/33 MP: 1/4
  2373 | D:4      | Noticed Pikel
  2373 | D:4      | Noticed a lemure
  2376 | D:4      | Noticed a lemure
  2381 | D:3      | Killed a lemure
  2513 | D:4      | Reached XP level 5. HP: 38/38 MP: 2/5
  2733 | D:4      | Reached skill level 6 in Long Blades
  2787 | D:4      | You pick up a book of Touch and begin reading...
  2787 | D:4      | You add the spells Kiss of Death, Confusing Touch and
                  | Dispel Undead to your library.
  2795 | D:4      | You add the spells Mercury Vapours and Olgreb's Toxic
                  | Radiance to your library.
  2859 | D:4      | Reached XP level 6. HP: 40/44 MP: 1/6
  3049 | D:4      | Killed Pikel
  3050 | D:4      | Reached skill level 8 in Long Blades
  3050 | D:4      | Reached XP level 7. HP: 23/50 MP: 0/7
  3441 | D:4      | You pick up a book of Weapons and begin reading...
  3441 | D:4      | You add the spells Tukima's Dance, Dimensional Bullseye and
                  | Iskenderun's Mystic Blast to your library.
  3491 | D:4      | Acquired a manual of Fighting
  3514 | D:5      | Entered Level 5 of the Dungeon
  3852 | D:5      | Reached skill level 3 in Fighting
  4272 | D:5      | Reached skill level 9 in Long Blades
  4498 | D:5      | Reached XP level 8. HP: 60/60 MP: 2/8
  4555 | D:5      | Found a staircase to the Ecumenical Temple.
  4564 | Temple   | Entered the Ecumenical Temple
  4789 | D:6      | Reached skill level 4 in Fighting
  5102 | D:6      | You add the spells Passage of Golubria and Yara's Violent
                  | Unravelling to your library.
  5127 | D:6      | Reached skill level 5 in Fighting
  5681 | D:6      | You pick up a book of Sloth and begin reading...
  5681 | D:6      | You add the spells Leda's Liquefaction, Petrify and
                  | Metabolic Englaciation to your library.
  5944 | D:7      | Reached skill level 6 in Fighting
  6211 | D:7      | Reached skill level 7 in Fighting
  6211 | D:7      | Reached skill level 10 in Long Blades
  6488 | D:7      | Identified the +4 pair of boots of the Nightingale {rC+
                  | Dex+3}
  6517 | D:7      | Found an ornate altar of the Wu Jian Council.
  6565 | D:7      | Acquired the +1 pair of boots "Siedd" {rF+ Str-2 Int+2
                  | SInv}
  6684 | D:8      | Reached XP level 9. HP: 39/74 MP: 2/9
  6686 | D:8      | HP: 22/111 [poisoned by a killer bee]
  6692 | D:8      | HP: 27/111 [killer bee (2)]
  6696 | D:8      | Reached skill level 8 in Fighting
  6697 | D:8      | HP: 12/111 [poisoned by a killer bee]
  6702 | D:8      | HP: 6/111 [poisoned by a killer bee]
  7358 | D:8      | Reached skill level 9 in Fighting
  7566 | D:8      | Found a staircase to the Lair.
  7663 | D:8      | Reached skill level 11 in Long Blades
  7990 | D:8      | Reached skill level 10 in Fighting
  8082 | D:8      | Noticed a two-headed hydra
  8248 | D:8      | Noticed a komodo dragon
  8253 | D:8      | Killed a komodo dragon
  8254 | D:8      | Reached skill level 11 in Fighting
  8590 | D:8      | Reached XP level 10. HP: 88/88 MP: 4/10
  8770 | D:9      | Found a glowing golden altar of the Shining One.
  8903 | D:9      | Reached skill level 12 in Long Blades
  8909 | D:9      | Reached skill level 12 in Fighting
  9458 | D:9      | Found a staircase to the Orcish Mines.
  9497 | D:9      | Reached skill level 13 in Fighting
  9505 | D:9      | Found a broken altar of Ashenzari.
  9509 | D:9      | Found a sparkling altar of Nemelex Xobeh.
  9523 | D:9      | Found an opulent altar of Gozag.
  9530 | D:9      | Became a worshipper of Nemelex Xobeh the Trickster
  9947 | D:10     | Entered Level 10 of the Dungeon
 10003 | D:10     | Noticed an unseen horror
 10011 | D:10     | Killed an unseen horror
 10118 | D:10     | Paralysed by a hornet for 3 turns
 10448 | D:10     | Reached skill level 13 in Long Blades
 10613 | D:10     | Found Qeysynupn's Distillery.
 10621 | D:10     | Bought a potion of berserk rage for 70 gold pieces
 10621 | D:10     | Bought a potion of cancellation for 112 gold pieces
 10621 | D:10     | Bought a potion of mutation for 112 gold pieces
 11008 | D:10     | Noticed a white ugly thing
 11014 | D:10     | Killed a white ugly thing
 11015 | D:10     | Reached XP level 11. HP: 99/99 MP: 0/11
 11120 | D:11     | Noticed Grum
 11123 | D:11     | Reached skill level 14 in Fighting
 11138 | D:10     | Killed Grum
 11659 | D:11     | Reached * piety under Nemelex Xobeh
 11674 | D:11     | Noticed a white ugly thing
 11678 | D:11     | Killed a white ugly thing
 11683 | D:11     | Noticed a boulder beetle
 11683 | D:11     | Noticed a two-headed ogre
 11730 | D:11     | HP: 18/101 [two-headed ogre/+0 giant spiked club (16)]
 11731 | D:11     | Killed a two-headed ogre
 11859 | D:11     | HP: 22/101 [boulder beetle (8)]
 11860 | D:11     | HP: 4/101 [boulder beetle (18)]
 11862 | D:11     | Slain by a boulder beetle

Vanquished Creatures
  A two-headed ogre (D:11)
  Pikel (D:4)
  2 ugly things
  2 unseen horrors
  A komodo dragon (D:8)
  2 trolls (D:9)
  2 hornets (D:10)
  2 dream sheep (D:8)
  A shadow (D:10)
  A wraith (D:10)
  4 yaks (D:9)
  A basilisk (D:11)
  A wyvern (D:8)
  Grum (D:10)
  2 steam dragons
  An acid dragon (D:9)
  2 orc warriors (D:8)
  4 wolves
  4 centaurs
  A phantom (D:6)
  5 kobold brigands
  3 lemures
  2 gnoll sergeants
  6 bullfrogs
  2 scorpions
  14 killer bees
  3 howler monkeys
  4 hounds
  A bombardier beetle (D:4)
  4 orc priests
  A sleepcap (D:6)
  A gnoll bouda (D:9)
  2 iguanas
  4 orc wizards
  12 gnolls
  3 adders
  2 shadow imps (D:6)
  A white imp (D:6)
  4 ufetubi (D:6)
  3 ribbon worms
  A dart slug (D:5)
  36 orcs
  A ball python (D:4)
  4 endoplasms
  5 giant cockroaches
  4 goblins
  7 hobgoblins
  4 jackals (D:1)
  15 kobolds
  2 quokkas (D:1)
  2 bats
  A frilled lizard (D:1)
  9 rats
204 creatures vanquished.

Table legend:
 A = Non-vault XP
 B = Vault XP
 C = Vault XP percentage of total XP
 D = Non-vault monster count
 E = Vault monster count
 F = Vault count percentage of total count
                 A         B        C        D         E       F
            +---------+---------+-------+---------+---------+-------
      Total |    9888 |    2615 |  20.9 |     188 |      13 |   6.5
            +---------+---------+-------+---------+---------+-------
        D:1 |      38 |       0 |   0.0 |      23 |       0 |   0.0
        D:2 |      20 |       0 |   0.0 |      13 |       0 |   0.0
        D:3 |      57 |       0 |   0.0 |       8 |       0 |   0.0
        D:4 |     253 |     617 |  70.9 |      16 |       1 |   5.9
        D:5 |     247 |       0 |   0.0 |      18 |       0 |   0.0
        D:6 |     428 |      83 |  16.2 |      16 |       1 |   5.9
        D:7 |     615 |       0 |   0.0 |      14 |       0 |   0.0
        D:8 |    1145 |    1268 |  52.5 |      31 |       6 |  16.2
        D:9 |    2760 |       0 |   0.0 |      32 |       0 |   0.0
       D:10 |    2055 |     295 |  12.6 |      10 |       2 |  16.7
       D:11 |    2270 |     352 |  13.4 |       7 |       3 |  30.0
            +---------+---------+-------+---------+---------+-------

Skill      XL: |  1  2  3  4  5  6  7  8  9 10 11 |
---------------+----------------------------------+-----
Long Blades    | 4 5 6 8 9 10 11 13 | 13.8
Fighting       | 3 7 11 13 14 | 14.4
Throwing       | |  1.7
Dodging        | |  2.6

Action                     |  1- 3 |  4- 6 |  7- 9 | 10-12 || total
---------------------------+-------+-------+-------+-------++-------
  Melee: Long sword        |    85 |    55 |   162 |   183 ||   485
         Dagger            |    70 |    50 |   151 |   171 ||   442
  Evoke: Wand              |       |       |     1 |       ||     1
    Use: Scroll            |     5 |       |    11 |     3 ||    19
         Potion            |       |       |     2 |       ||     2
   Stab: Sleeping          |     4 |     2 |     2 |     1 ||     9
         Distracted        |       |       |     1 |       ||     1
 Armour: Leather armour    |    36 |    25 |   104 |   131 ||   296
         Skin              |       |       |    34 |       ||    34
  Dodge: Dodged            |    56 |    29 |    92 |   111 ||   288

Illustrated notes

Table legend:
 A = Kills in this place as a percentage of kills in the entire game.
 B = Kills by you in this place as a percentage of kills by you in the entire game.
 C = Kills by friends in this place as a percentage of kills by friends in the entire game.
 D = Other kills in this place as a percentage of other kills in the entire game.
 E = Experience gained in this place as a percentage of experience gained in the entire game.
 F = Experience gained in this place divided by the number of levels of this place that you have seen.
                   A       B       C       D       E      F
               +-------+-------+-------+-------+-------+----------------------
         Total | 100.0 | 100.0 |   N/A |   N/A | 100.0 | 1041.9
       Dungeon | 100.0 | 100.0 |   N/A |   N/A | 100.0 | 1136.6
               +-------+-------+-------+-------+-------+----------------------

Table legend: (Time is in decaauts)
 A = Elapsed time spent in this place.
 B = Non-inter-level travel time spent in this place.
 C = Inter-level travel time spent in this place.
 D = Time resting spent in this place.
 E = Time spent auto-exploring this place.
 F = Levels seen in this place.
 G = Mean time per level.
                   A        B        C        D        E       F      G
               +--------+--------+--------+--------+--------+-----+--------+
         Total |  11803 |  11515 |    288 |    749 |   9533 |  12 |  983.6 |
       Dungeon |  11802 |  11515 |    287 |    749 |   9533 |  11 | 1072.9 |
        Temple |      1 |      0 |      1 |      0 |      0 |   1 |    1.0 |
               +--------+--------+--------+--------+--------+-----+--------+

Top non-repeatable levels by time:
     D:8: 1958 daAuts
    D:10: 1267 daAuts
     D:5: 1265 daAuts
     D:9: 1199 daAuts
     D:6: 1142 daAuts
     D:4: 1090 daAuts
     D:1: 1061 daAuts
     D:7: 805 daAuts
     D:3: 758 daAuts
    D:11: 646 daAuts
     D:2: 606 daAuts
  Temple: 1 daAuts
